Map: Dash and Terminal LE (Void)

Players

omegabanana - Winner!

  • Race: Terran Terran
  • League: Diamond

Bepis - Winner!

  • Race: Terran Terran

MoonLjth

  • Race: Protoss Protoss
  • League: Grandmaster

iQuitBYE

  • Race: Protoss Protoss
  • League: Grandmaster

VOD

Have the link to the VOD?

Description

Time

  • Played on: Oct. 3, 2015, 3:47 p.m.
  • Length: 8:16
Show
View Real Time Build Order
Export as new Build Order

omegabanana Terran - Winner!

Build Orders: 1/1/1, MMM Bio 

Get SALT Encoding   

  12  0:00  SCV  
  13  0:13  SCV  
  14  0:16  Refinery  
  14  0:25  SCV  
  15  0:28  Supply Depot  
  15  0:50  SCV  
  15  0:52  Barracks  
  16  1:02  SCV  
  17  1:14  SCV  
  18  1:26  SCV  
  18  1:32  Command Center  
  19  1:44  Factory  
  19  1:54  Orbital Command  
  19  1:57  Barracks Reactor  
  19  2:06  Supply Depot  
  19  2:21  SCV  
  20  2:29  Starport  
  20  2:33  SCV  
  21  2:40  Widow Mine x2  
  21  2:41  Marine  
  26  2:46  Orbital Command  
  26  2:49  SCV  
  27  2:59  Marine  
  27  3:04  SCV  
  29  3:08  Medivac  
  29  3:12  SCV  
  32  3:16  SCV  
  32  3:19  Widow Mine  
  33  3:22  Marine  
  33  3:25  SCV  
  33  3:26  Widow Mine  
  37  3:29  SCV  
  37  3:32  Refinery, Barracks  
  40  3:38  Barracks  
  40  3:40  SCV  
  41  3:47  SCV  
  42  3:48  Barracks Tech Lab  
  42  3:54  SCV  
  43  4:00  SCV  
  46  4:06  Supply Depot x2  
  46  4:09  Starport Reactor  
  44  4:10  Marine  
  44  4:11  Engineering Bay  
  44  4:14  SCV  
  46  4:18  Stimpack  
  46  4:19  SCV  
  46  4:23  Barracks Tech Lab  
  43  4:26  SCV  
  43  4:27  Orbital Command  
  43  4:29  Supply Depot  
  44  4:38  SCV  
  44  4:40  Marauder, Marine x2  
  44  4:43  Combat Shields  
  49  4:48  Marauder  
  49  4:50  SCV  
  52  4:54  Supply Depot, SCV  
  53  5:03  SCV, Marauder, Marine  
  53  5:05  Marine  
  53  5:06  SCV  
  59  5:11  Refinery  
  57  5:14  Terran Infantry Weapons Level 1  
  57  5:16  SCV  
  57  5:21  Supply Depot, SCV  
  56  5:25  Marine x2  
  56  5:27  Marauder  
  61  5:30  Marauder  
  63  5:40  Starport Reactor  
  63  5:42  Barracks  
  63  5:45  Refinery, Barracks  
  63  5:47  SCV x2, Marine  
  63  5:48  Marine  
  67  5:57  Marauder  
  69  5:58  Marauder  
  69  5:59  SCV x2  
  69  6:00  Factory Tech Lab  
  73  6:05  Marine  
  73  6:06  Marine  
  73  6:11  SCV x2  
  77  6:17  Medivac x2  
  81  6:19  Marauder  
  81  6:20  Marauder  
  84  6:28  Supply Depot, Concussive Shells  
  84  6:29  Supply Depot, Marine x2  
  84  6:31  Marine x2  
  87  6:34  SCV  
  80  6:43  Marauder  
  80  6:46  Marauder  
  84  6:47  Medivac x2  
  84  6:49  Marauder  
  84  6:52  Marine x3  
  93  6:54  Marine  
  93  6:59  Supply Depot  
  94  7:07  Marauder  
  96  7:09  Marauder  
  96  7:12  Marine x2  
  96  7:14  Marine  
  101  7:15  Marine  
  101  7:16  Marine  
  101  7:20  Medivac  
  101  7:21  Supply Depot  
  101  7:22  Medivac  
  105  7:30  Marauder, Marine  
  105  7:31  Marauder  
  105  7:33  Marine x2  
  112  7:41  Marine  
  112  7:42  Marauder  
  112  7:43  Supply Depot  
  115  7:48  Marine  
  116  7:52  Marauder  
  124  8:07  Supply Depot  
Show
View Real Time Build Order
Export as new Build Order

Bepis Terran - Winner!

Build Orders:  

Get SALT Encoding   

  12  0:01  Probe (Chrono Boost)  
  14  0:16  Pylon  
  14  0:18  Probe (Chrono Boost)  
  14  0:29  Probe (Chrono Boost)  
  15  0:36  Gateway  
  15  0:39  Probe (Chrono Boost)  
  16  0:45  Assimilator  
  17  0:50  Probe (Chrono Boost)  
  17  1:00  Probe (Chrono Boost)  
  18  1:13  Probe (Chrono Boost)  
  19  1:23  Probe (Chrono Boost)  
  20  1:30  Nexus  
  20  1:44  Cybernetics Core  
  20  1:46  Probe (Chrono Boost)  
  21  1:52  Assimilator  
  21  1:59  Pylon  
  21  2:00  Probe (Chrono Boost)  
  22  2:10  Probe (Chrono Boost)  
  23  2:21  Mothership Core (Chrono Boost), Warp Gate  
  23  2:22  Stalker  
  27  2:35  Pylon  
  27  2:41  Probe (Chrono Boost)  
  28  2:45  Probe (Chrono Boost)  
  29  2:52  Probe (Chrono Boost)  
  29  2:53  Twilight Council  
  29  2:56  Probe (Chrono Boost)  
  31  2:59  Stalker  
  31  3:03  Probe (Chrono Boost)  
  34  3:16  Probe (Chrono Boost), Robotics Facility  
  34  3:19  Probe (Chrono Boost)  
  36  3:26  Probe (Chrono Boost)  
  37  3:29  Probe (Chrono Boost)  
  37  3:32  Blink  
  38  3:35  Assimilator  
  38  3:39  Probe (Chrono Boost)  
  38  3:40  Probe (Chrono Boost)  
  40  3:50  Probe (Chrono Boost)  
  40  3:51  Probe (Chrono Boost)  
  42  3:59  Pylon  
  42  4:01  Observer  
  42  4:02  Probe (Chrono Boost)  
  44  4:03  Gateway, Probe (Chrono Boost)  
  45  4:11  Pylon  
  45  4:14  Probe (Chrono Boost)  
  45  4:15  Probe (Chrono Boost)  
  46  4:26  Probe (Chrono Boost)  
  46  4:27  Probe (Chrono Boost)  
  46  4:32  Observer  
  47  4:38  Probe (Chrono Boost)  
  47  4:40  Probe (Chrono Boost)  
  48  4:49  Assimilator  
  48  4:50  Probe (Chrono Boost)  
  50  4:52  Probe (Chrono Boost)  
  50  5:02  Probe (Chrono Boost)  
  50  5:03  Gateway  
  50  5:05  Probe (Chrono Boost)  
  50  5:14  Probe (Chrono Boost)  
  50  5:16  Observer  
  50  5:17  Probe (Chrono Boost)  
  52  5:21  Gateway  
  52  5:26  Probe (Chrono Boost)  
  52  5:28  Probe (Chrono Boost)  
  54  5:30  Stalker  
  56  5:37  Stalker, Probe (Chrono Boost)  
  56  5:42  Probe (Chrono Boost)  
  60  5:48  Probe (Chrono Boost)  
  61  5:52  Probe (Chrono Boost), Pylon  
  62  5:58  Probe (Chrono Boost)  
  63  6:06  Nexus  
  63  6:11  Stalker x2  
  63  6:12  Stalker  
  68  6:19  Adept  
  68  6:21  Probe (Chrono Boost)  
  71  6:33  Probe (Chrono Boost)  
  71  6:34  Resonating Glaives, Probe (Chrono Boost)  
  73  6:41  Forge  
  73  6:43  Forge  
  73  6:45  Probe x2 (Chrono Boost)  
  75  6:47  Stalker  
  77  6:55  Pylon  
  77  6:57  Probe (Chrono Boost)  
  78  7:04  Pylon  
  78  7:06  Robotics Facility  
  78  7:13  Probe (Chrono Boost)  
  78  7:15  Probe (Chrono Boost)  
  80  7:24  Probe (Chrono Boost), Assimilator x2  
  80  7:27  Probe (Chrono Boost)  
  78  7:32  Zealot x4  
  82  7:41  Probe (Chrono Boost)  
  67  7:52  Gateway, Zealot x3  
  67  7:53  Gateway, Zealot  
Show
View Real Time Build Order
Export as new Build Order

MoonLjth Protoss 

Build Orders:  

Get SALT Encoding   

Show
View Real Time Build Order
Export as new Build Order

iQuitBYE Protoss 

Build Orders:  

Get SALT Encoding   

Tags
 
Add a new tag
Caveats
  • Supply blocks, unpowered buildings, or Contaminate may cause inaccurate times.
  • Supply counts are checked every 10 seconds.